 Dungeon Crawl Stone Soup version 0.32-a0-612-g1c984fe9d1 (webtiles) character file.

Game seed: 13673438474571512186

493 CougarLife the Digger (level 7, -23/36 HPs)
             Began as a Gargoyle Earth Elementalist on Mar 4, 2024.
             Annihilated by an ogre
             ... wielding a +0 giant club
              (25 damage)
             ... on level 4 of the Dungeon.
             The game lasted 00:03:47 (2850 turns).

CougarLife the Digger (Gargoyle Earth Elementalist) Turns: 2850, Time: 00:03:48

Health: -23/36     AC:  8    Str: 12    XL:     7   Next: 15%
Magic:  4/13       EV: 11    Int: 17    God:
Gold:   207        SH:  0    Dex: 10    Spells: 10/14 levels left

rFire   . . .        g - +2 dagger (flame)
rCold   . . .        (no shield)
rNeg    + . .        a - +0 robe
rPois   ∞            (no helmet)
rElec   +            (no cloak)
rCorr   .            h - +1 pair of gloves
SInv    .            (no boots)
Will    .....        k - amulet of the acrobat
Stlth   ++           (no ring)
HPRegen 0.26/turn    (no ring)
MPRegen 0.13/turn

%: acrobat
@: very slightly contaminated
A: sickness immunity, AC +4, negative energy resistance 1, electricity
resistance, torment resistance 1, petrification resistance
a: no special abilities


You were on level 4 of the Dungeon.
You visited 1 branch of the dungeon, and saw 4 of its levels.
You also visited: Sewer.

You collected 207 gold pieces.

Inventory:

Hand Weapons
 g - a +2 dagger of flaming (weapon)
Armour
 a - a +0 robe (worn)
 h - a +1 pair of gloves (worn)
Jewellery
 k - an amulet of the acrobat (around neck)
Scrolls
 d - 2 scrolls of identify {unknown}
 f - a scroll of enchant weapon {unknown}
 i - a scroll of poison {unknown}
 o - a scroll of teleportation {unknown}
 p - a scroll of silence {unknown}
 q - 2 scrolls of enchant armour {unknown}
Potions
 c - a potion of might {unknown}
 e - a potion of invisibility {unknown}
 j - 3 potions of curing {unknown}
 l - 2 potions of brilliance {unknown}
 m - a potion of lignification {unknown}
 n - a potion of attraction {unknown}
 r - a potion of degeneration {unknown}
 s - 2 potions of haste


   Skills:
 - Level 1.5 Dodging
 - Level 2.1 Stealth
 + Level 4.2 Spellcasting
 + Level 4.6 Conjurations
 + Level 6.1 Earth Magic


You had 10 spell levels left.
You knew the following spells:

 Your Spells              Type           Power      Damage    Failure   Level
a - Sandblast             Erth           48%        2d12      1%          1
b - Stone Arrow           Conj/Erth      44%        3d9       4%          3

Your spell library contained the following spells:

 Spells                   Type           Power      Damage    Failure   Level
 Passwall                 Erth           24%        N/A       3%          3
 Brom's Barrelling Bould  Conj/Erth      22%        2d4       17%         4
 Ensorcelled Hibernation  Hex/Ice        6%         N/A       24%         2
 Petrify                  Alch/Erth      14%        N/A       41%         4
 Swiftness                Air            3%         N/A       43%         3


Dungeon Overview and Level Annotations

Branches:
Dungeon (4/15)              Sewer (visited)
 Temple: D:4-7

Altars:
Cheibriados
Kikubaaqudgha
Xom


Innate Abilities, Weirdness & Mutations

You are immune to sickness and miasma.
Your stone body is resilient. (AC +4)
You are immune to poison.
You resist negative energy. (rN+)
You are resistant to electric shocks. (rElec)
You are resistant to unholy torment.
You are immune to petrification.


Message History

Press: ? - help, Shift-Dir - straight line, f/p - orc
Aim: an orc, wielding a +0 whip and wearing a +0 ring mail (85% to hit)
The blast of sand hits the orc.
The orc is moderately wounded.
The orc hits you but does no damage. The orc closely misses you.
Casting: Sandblast (safe; 1% risk of failure)
Confirm with . or Enter, or press ? or * to list all spells.
Aiming: Sandblast (safe; 1% risk of failure)
Press: ? - help, Shift-Dir - straight line, f/p - orc
Aim: an orc, wielding a +0 whip and wearing a +0 ring mail (moderately wounded, 85% to hit)
The blast of sand hits the orc.
You kill the orc!
Casting: Sandblast (safe; 1% risk of failure)
Confirm with . or Enter, or press ? or * to list all spells.
Aiming: Sandblast (safe; 1% risk of failure)
Press: ? - help, Shift-Dir - straight line, f - ogre
Aim: an ogre, wielding a +0 giant club (92% to hit)
You miscast Sandblast.
You are very lightly contaminated with residual magic.
Nothing appears to happen.
The ogre hits you with a +0 giant club!
Casting: Sandblast (safe; 1% risk of failure)
Confirm with . or Enter, or press ? or * to list all spells.
Aiming: Sandblast (safe; 1% risk of failure)
Press: ? - help, Shift-Dir - straight line, f/p - ogre
Aim: an ogre, wielding a +0 giant club (92% to hit)
The blast of sand misses the ogre.
The blast of sand hits the orc!
You kill the orc!
The ogre hits you with a +0 giant club!!
Ouch! That really hurt!
* * * LOW HITPOINT WARNING * * *
Casting: Sandblast (safe; 1% risk of failure)
Confirm with . or Enter, or press ? or * to list all spells.
Aiming: Sandblast (safe; 1% risk of failure)
Press: ? - help, Shift-Dir - straight line, f/p - ogre
Aim: an ogre, wielding a +0 giant club (92% to hit)
The blast of sand hits the ogre!!
The ogre is severely wounded.
The ogre hits you with a +0 giant club!!
Ouch! That really hurt!
You die...

~#~#~# .##..
#~#~## .#.. ##~##
##... ...# #...
.### #####.. ##
##..##.# #
###)..##o# #
##.†...##O# #
#..#...##@# #
#.###..##.# #
####.#######.#
#####.....######.#
##............##.#
##...###.####.##.#
##....##.# #.##.#
##....#..####.##.#
....##.........#.#


You could see an ogre and an orc.

Vanquished Creatures
  A water moccasin (D:4)
  A crocodile (Sewer)
  A brain worm (Sewer)
  A bombardier beetle (D:3)
  A hound (D:4)
  Jessica (D:2)
  An iguana (D:4)
  An orc wizard (D:4)
  2 adders
  2 dart slugs (D:1)
  A ribbon worm (D:3)
  4 orcs
  4 endoplasms
  5 giant cockroaches
  6 goblins
  4 hobgoblins
  10 jackals
  6 kobolds
  2 quokkas
  8 ball pythons
  14 bats
  3 frilled lizards
  9 rats
88 creatures vanquished.

Notes
Turn   | Place    | Note
-------+----------+-------------------------------------------
     0 | D:1      | CougarLife the Gargoyle Earth Elementalist began the quest
                  | for the Orb.
     0 | D:1      | Reached XP level 1. HP: 10/10 MP: 3/3
   132 | D:1      | Reached XP level 2. HP: 2/15 MP: 0/5
   275 | D:1      | Reached skill level 4 in Earth Magic
   475 | D:1      | Reached XP level 3. HP: 19/19 MP: 3/6
   968 | D:2      | Noticed Jessica
   971 | D:2      | Killed Jessica
   972 | D:2      | Reached XP level 4. HP: 24/24 MP: 5/8
   981 | D:2      | Learned a level 3 spell: Stone Arrow
  1631 | D:3      | Found an ancient bone altar of Kikubaaqudgha.
  1770 | D:3      | Reached XP level 5. HP: 28/28 MP: 6/9
  1831 | D:3      | Found a shimmering altar of Xom.
  2118 | D:3      | Found a snail-covered altar of Cheibriados.
  2363 | D:4      | Reached skill level 5 in Earth Magic
  2376 | D:4      | Found a glowing drain.
  2392 | Sewer    | Entered a sewer
  2467 | Sewer    | Reached XP level 6. HP: 25/32 MP: 3/11
  2828 | D:4      | Noticed a water moccasin
  2844 | D:4      | Killed a water moccasin
  2845 | D:4      | Reached skill level 6 in Earth Magic
  2845 | D:4      | Reached XP level 7. HP: 32/36 MP: 9/13
  2849 | D:4      | HP: 1/36 [ogre/+0 giant club (18)]
  2850 | D:4      | Annihilated by an ogre

Illustrated notes

Levels and vault maps discovered:
D:1:      minmay_arrival_five_plusses, layout_basic, minmay_vboxes
D:2:      layout_rooms, uniq_jessica
D:3:      layout_loops_cross, kiku_gazebo_pond_becter, xom_teletrap_fun,
          lemuel_round_altar, fountainhead
D:4:      layout_basic, amcnicky_altar_gilded,
          mainiacjoe_overflow_six_doors_small,
          mainiacjoe_sewer_entry_somewhere_in_here_1, minmay_misc_feat_square,
          amethyst_killhole, serial_library_hellmonk_room_c,
          minmay_manual_mandibuliform, uniq_natasha, uniq_edmund

Skill      XL: |  1  2  3  4  5  6 |
---------------+-------------------+-----
Earth Magic    | 4 5 6 |  6.1
Conjurations   | 2 3 4 |  4.6
Spellcasting   | 3 4 |  4.2
Dodging        | |  1.5
Stealth        | |  2.1

Action                     |  1- 3 |  4- 6 |  7- 9 || total
---------------------------+-------+-------+-------++-------
  Melee: Dagger            |    23 |    28 |       ||    51
   Cast: Sandblast         |    42 |    69 |     5 ||   116
         Stone Arrow       |       |     2 |       ||     2
    Use: Potion            |       |     1 |       ||     1
 Armour: Robe              |    26 |    59 |     4 ||    89
  Dodge: Dodged            |    29 |    85 |     1 ||   115

Table legend: (Time is in decaauts)
 A = Elapsed time spent in this place.
 B = Non-inter-level travel time spent in this place.
 C = Inter-level travel time spent in this place.
 D = Time resting spent in this place.
 E = Time spent auto-exploring this place.
 F = Levels seen in this place.
 G = Mean time per level.
                   A        B        C        D        E       F      G
               +--------+--------+--------+--------+--------+-----+--------+
         Total |   2916 |   2704 |    212 |    175 |   1942 |   5 |  583.2 |
       Dungeon |   2619 |   2407 |    212 |     99 |   1798 |   4 |  654.8 |
         Sewer |    296 |    296 |      0 |     76 |    144 |   1 |  296.0 |
               +--------+--------+--------+--------+--------+-----+--------+

Top non-repeatable levels by time:
     D:3: 1088 daAuts
     D:1: 855 daAuts
     D:2: 447 daAuts
   Sewer: 296 daAuts
     D:4: 228 daAuts
